 Dungeon Crawl Stone Soup version 0.31-a0-826-ga5cc291a1b (webtiles) character file.

Game seed: 10022936521568304045

113 qw the Shooter (level 4, 0/28 HPs)
             Began as a Gargoyle Hunter on Sept 23, 2023.
             Slain by an orc wizard
             ... wielding a +0 dagger
              (2 damage)
             ... on level 2 of the Dungeon.
             The game lasted 00:00:51 (2233 turns).

qw the Shooter (Gargoyle Hunter)                    Turns: 2233, Time: 00:00:51

Health: 0/28       AC: 11    Str: 15      XL:     4   Next: 96%
Magic:  4/4        EV: 10    Int:  7 (9)  God:
Gold:   144        SH:  0    Dex: 13 (15) Spells: 3/3 levels left

rFire   . . .        Y - +0 shortbow
rCold   . . .        (shield currently unavailable)
rNeg    + . .        i - +0 ring mail
rPois   inf          (no helmet)
rElec   +            g - +0 cloak
rCorr   .            (no gloves)
SInv    .            f - +1 pair of boots
Will    .....        (no amulet)
Stlth   +            (no ring)
HPRegen 0.24/turn    (no ring)
MPRegen 0.09/turn

%: no passive effects
@: no status effects
A: sickness immunity, AC +3, negative energy resistance 1, electricity
resistance, torment resistance 1, petrification resistance
a: no special abilities


You were on level 2 of the Dungeon.
You visited 1 branch of the dungeon, and saw 3 of its levels.

You collected 144 gold pieces.


Innate Abilities, Weirdness & Mutations

You are immune to sickness and miasma.
Your stone body is resilient. (AC +3)
You are immune to poison.
You resist negative energy. (rN+)
You are resistant to electric shocks. (rElec)
You are resistant to unholy torment.
You are immune to petrification.


   Skills:
 - Level 3.2 Fighting
 + Level 5.4 Ranged Weapons
 - Level 1.3 Armour
 - Level 1.5 Dodging
 - Level 1.1 Stealth


You had 3 spell levels left.
You didn't know any spells.
Your spell library was empty.

Inventory:

Hand Weapons
 Y - a +0 shortbow (weapon)
Armour
 f - a +1 pair of boots (worn)
 g - a +0 cloak (worn)
 i - a +0 ring mail (worn)
Potions
 e - a potion of heal wounds {unknown}
 h - a potion of brilliance {unknown}

Dungeon Overview and Level Annotations

Branches:
Dungeon (3/15)

Altars:
Xom


Message History

The orc priest is lightly wounded.
The orc priest hits you with a +0 dagger.
Something hits you but does no damage.
You shoot an arrow.
The arrow hits the orc priest but does no damage.
The orc priest is lightly wounded.
The orc priest hits you but does no damage.
Something hits you but does no damage.
The orc priest hits you but does no damage.
You shoot an arrow. The arrow hits the orc priest!
The orc priest is severely wounded.
Something hits you but does no damage.
The orc priest looks braver for a moment.
You shoot an arrow. The arrow hits the orc priest!
You kill the orc priest!
Something hits you. Something hits you but does no damage.
You feel your strength returning.
You feel your intelligence returning.
2227 ||| STAIRDANCE Something hits you but does no damage.
You climb upwards.
Reactivating autopickup.
There is a stone staircase leading down here.
Things that are here:
a scroll of noise; a +0 leather armour; the +0 robe of Hucem {Int+3} You start resting.
Something hits you.
Deactivating autopickup; reactivate with Ctrl-A.
Autopickup is now on.
You start resting.
Something hits you but does no damage.
Deactivating autopickup; reactivate with Ctrl-A.
Autopickup is now on.
You start resting.
Something hits you but does no damage.
Deactivating autopickup; reactivate with Ctrl-A.
You shoot an arrow. Something hits you but does no damage.
You shoot an arrow. Something hits you.
You die...

# #.# ###.#..............####....
###.###..................# ##...
........#.#..............# ##....
######.##.............######..#..
....)..###.#.................##..
##.....# #.............########..
#..##.###.<.........#..#........
#...#...#...........##..........
#.#.###.#......@....##..........
#.#.# #.#.....{......#..........
#.#.# #<#...........(...........
#.#.###..##....................#
##.#..###.##.....................
#................................
#...#<...#......................#
########..##....................#
##..#.....................


There were no monsters in sight!

Vanquished Creatures
  An orc priest (D:3)
  2 adders (D:3)
  2 worms
  2 dart slugs
  2 orcs (D:3)
  7 ball pythons
  5 bats
  3 endoplasms
  A giant cockroach (D:3)
  8 goblins
  4 hobgoblins
  5 jackals
  A frilled lizard (D:1)
  4 kobolds
  6 rats
53 creatures vanquished.

Notes
Turn   | Place    | Note
-------+----------+-------------------------------------------
     0 | D:1      | qw the Gargoyle Hunter began the quest for the Orb.
     0 | D:1      | Reached XP level 1. HP: 12/12 MP: 1/1
     0 | D:1      | 0 ||| qw: Version: 0.3-a-83-gcd0e7d8
     0 | D:1      | 0 ||| qw: Game counter: 1864
     0 | D:1      | 0 ||| qw: Melee chars always use a shield: true
     0 | D:1      | 0 ||| qw: God list: Okawaru
     0 | D:1      | 0 ||| qw: Allow faded altars: false
     0 | D:1      | 0 ||| qw: Do Orc after clearing Dungeon:15 true
     0 | D:1      | 0 ||| qw: Do second Lair branch before Depths: true
     0 | D:1      | 0 ||| qw: Lair rune preference: random
     0 | D:1      | 0 ||| qw: Goals: Normal
     0 | D:1      | 0 ||| PLANNING D:1-11
    95 | D:1      | Reached XP level 2. HP: 17/17 MP: 2/2
   445 | D:1      | Found a faded altar of an unknown god.
   835 | D:1      | 835 ||| Stepping ~*~*~tactically~*~*~ (water).
   837 | D:1      | Reached XP level 3. HP: 21/21 MP: 3/3
   985 | D:1      | 985 ||| DROPPING scroll of butterflies.
  1046 | D:2      | Reached skill level 5 in Ranged Weapons
  1392 | D:2      | 1392 ||| UPGRADING to +0 pair of boots.
  1397 | D:2      | 1397 ||| UPGRADING to +0 cloak.
  1402 | D:2      | 1402 ||| DROPPING ring of flight.
  1403 | D:2      | 1403 ||| READING 2 scrolls labelled MAYPSOYMOH.
  1404 | D:2      | 1404 ||| READING scroll of enchant armour.
  1404 | D:2      | 1404 ||| ENCHANTING +0 pair of boots.
  1405 | D:2      | 1405 ||| READING scroll labelled YDA HEL LAD.
  1406 | D:2      | 1406 ||| DRINKING 2 metallic yellow potions.
  1407 | D:2      | 1407 ||| DROPPING potion of degeneration.
  1468 | D:3      | Reached skill level 3 in Fighting
  1468 | D:3      | Reached XP level 4. HP: 26/28 MP: 4/4
  1487 | D:3      | Identified the +0 robe of Hucem {Int+3}
  1644 | D:3      | Found a shimmering altar of Xom.
  1778 | D:3      | Reached skill level 1 in Armour
  2084 | D:3      | 2084 ||| FLEEEEING.
  2085 | D:3      | 2085 ||| FLEEEEING.
  2086 | D:3      | 2086 ||| FLEEEEING.
  2090 | D:3      | 2090 ||| FLEEEEING.
  2091 | D:3      | 2091 ||| FLEEEEING.
  2092 | D:3      | 2092 ||| FLEEEEING.
  2093 | D:3      | 2093 ||| FLEEEEING.
  2094 | D:3      | 2094 ||| FLEEEEING.
  2096 | D:3      | 2096 ||| STAIRDANCE
  2158 | D:2      | 2158 ||| DROPPING +0 robe of Hucem {Int+3}.
  2159 | D:2      | 2159 ||| UPGRADING to +0 ring mail.
  2169 | D:2      | 2169 ||| DROPPING +0 leather armour.
  2170 | D:2      | 2170 ||| READING scroll labelled JOMONKEGUCW.
  2171 | D:2      | 2171 ||| READING scroll labelled OGAGOO ZIOBIZ.
  2172 | D:2      | 2172 ||| READING 2 scrolls labelled UPOIXZ YDUSY.
  2173 | D:2      | 2173 ||| READING scroll labelled MYXKYZ XEAM.
  2174 | D:2      | 2174 ||| DROPPING scroll of noise.
  2178 | D:3      | 2178 ||| STAIRDANCE
  2222 | D:3      | HP: 2/28 [orc priest/divine providence (13)]
  2227 | D:3      | 2227 ||| STAIRDANCE
  2229 | D:2      | HP: 1/28 [something (1)]
  2233 | D:2      | Slain by an orc wizard

Levels and vault maps discovered:
D:1:      roderic_dead_forest, layout_basic,
          hellmonk_ecumenical_altar_crossroads, serial_rivers,
          chequers_serial_rivers_small_b, chequers_serial_rivers_small_b,
          chequers_serial_rivers_room_b, chequers_serial_rivers_room_b,
          chequers_serial_rivers_micro_e, chequers_serial_rivers_micro_c
D:2:      layout_rooms, minmay_misc_feat_encased, corner_web_ring
D:3:      layout_loops_corners, mainiacjoe_overflow_alcove_2,
          grunt_decor_arrowhead, minmay_pentangle

Skill      XL: |  1  2  3  4 |
---------------+-------------+-----
Ranged Weapons | 5 |  5.4
Fighting       | 3 |  3.2
Armour         | 1 |  1.3
Dodging        | |  1.5
Stealth        | |  1.1

Action                     |  1- 3 |  4- 6 || total
---------------------------+-------+-------++-------
   Fire: Shortbow          |   129 |    64 ||   193
    Use: Scroll            |     3 |     4 ||     7
         Potion            |     1 |       ||     1
 Armour: Leather armour    |    40 |    22 ||    62
         Ring mail         |       |    22 ||    22
  Dodge: Dodged            |    31 |    19 ||    50

Table legend:
 A = Non-vault XP
 B = Vault XP
 C = Vault XP percentage of total XP
 D = Non-vault monster count
 E = Vault monster count
 F = Vault count percentage of total count
                 A         B        C        D         E       F
            +---------+---------+-------+---------+---------+-------
      Total |     162 |       0 |   0.0 |      53 |       0 |   0.0
            +---------+---------+-------+---------+---------+-------
        D:1 |      36 |       0 |   0.0 |      21 |       0 |   0.0
        D:2 |      33 |       0 |   0.0 |      15 |       0 |   0.0
        D:3 |      93 |       0 |   0.0 |      17 |       0 |   0.0
            +---------+---------+-------+---------+---------+-------
